[Event "Early-Titled-Tuesday-Blitz-June-18-2024"]
[Site "Chess.com"]
[Date "2024.06.18"]
[Round "4"]
[White "MKlose11"]
[Black "Chessmatenokk17"]
[Result "0-1"]
[WhiteElo "2564"]
[BlackElo "2793"]
[TimeControl "180+1"]
[EndTime "8:40:39 PDT"]
[Termination "Chessmatenokk17 won by resignation"]

1. e4 e5 2. Nf3 Nc6 3. d4 exd4 4. Bc4 Nf6 5. O-O Nxe4 6. Re1 d5 7. Bxd5 Qxd5 8. Nc3 Qa5 9. Nxe4 Be6 10. Neg5 O-O-O 11. Nxe6 fxe6 12. Rxe6 Qd5 13. Qe2 Bc5 14. Bg5 Rdf8 15.
Bh4 h6 16. Qe4 Qxe4 17. Rxe4 Re8 18. Rae1 Rxe4 19. Rxe4 Kd7 20. Ne5+ Nxe5 21. Rxe5 Bd6 22. Rd5 Re8 23. Kf1 Re4 24. Bg3 Ke6 25. Rb5 Bxg3 26. hxg3 b6 27. f3 Re3 28. Kf2 c5 29. a4 Kd5 30. g4 Kc6 31. c3 a6 32. cxd4 Rd3 33. Ke2 Rxd4 34. Rb3 Rxa4 35. Kd2 Rb4 36. Rxb4 cxb4 37.
Kd3 Kd5 38. g3 a5 39. f4 a4 40. g5 hxg5 41. fxg5 0-1

[Event "Early-Titled-Tuesday-Blitz-June-18-2024"]
[Site "Chess.com"]
[Date "2024.06.18"]
[Round "4"]
[White "ilovejokes555"]
[Black "CFalcons8"]
[Result "1/2-1/2"]
[WhiteElo "2217"]
[BlackElo "2456"]
[TimeControl "180+1"]
[EndTime "8:40:43 PDT"]
[Termination "Game drawn by agreement"]

1. e4 e5 2. Nf3 Nc6 3. Bc4 Nf6 4. c3 Nxe4 5. O-O d5 6. Bb5 Bd6 7. d3 Nf6 8. Re1 Bg4 9. Nxe5 Bxe5 10. Bxc6+ Kf8 11.
f3 bxc6 12. Rxe5 Be6 13. d4 h6 14. Nd2 Nd7 15. Re1 Qf6 16. Nb3 g5 17. Qe2 Re8 18. Nc5 Nxc5 19. dxc5 Kg7 20. Be3 Qg6 21. Bd4+ f6 22.
Qf2 h5 23. Qg3 Re7 24. Re3 h4 25. Qf2 Rhe8 26. Rae1 Qf7 27. Qe2 Kg6 28. h3 Kg7 29.
Qd2 Kf8 30. Qe2 Bc8 31. Rxe7 Rxe7 32. Qxe7+ Qxe7 33. Rxe7 Kxe7 34. Kf2 Bf5 35. Ke3 Ke6 36.
Kf2 Bb1 37. a3 Bg6 38. g4 hxg3+ 39. Kxg3 Bh5 40. f4 Kf5 41. fxg5 fxg5 42. Be3 g4 43. hxg4+ Bxg4 44. Bf4 Bd1 45. Bxc7 Ke4 46. Kf2 Kd3 47.
Ke1 Bg4 48. Be5 Kc4 49. Kd2 a5 50. Bd4 a4 51. Kc1 Bf5 52. Kd2 Kb3 53. Kc1 Be4 54.
Be3 Ka2 55. Bd4 Kb3 1/2-1/2

[Event "Early-Titled-Tuesday-Blitz-June-18-2024"]
[Site "Chess.com"]
[Date "2024.06.18"]
[Round "4"]
[White "Tol_Tol"]
[Black "Likvidator228"]
[Result "0-1"]
[WhiteElo "2359"]
[BlackElo "2540"]
[TimeControl "180+1"]
[EndTime "8:40:43 PDT"]
[Termination "Likvidator228 won on time"]

1. d4 f5 2. Nf3 Nf6 3. Nbd2 g6 4. b3 Bg7 5. Bb2 O-O 6. e3 d6 7. Bc4+ e6 8. Qe2 Kh8 9. h4 Nc6 10. a3 Qe7 11. h5 Nxh5 12. O-O-O e5 13. dxe5 dxe5 14. e4 f4 15. Bd5 Nd8 16. Nc4 c6 17. Nfxe5 cxd5 18. Rxh5 gxh5 19. Qxh5 Qe8 20. Qh2 dxc4 21.
Rh1 h5 22. Nxc4 Bxb2+ 23. Kxb2 Be6 24. Nd6 Qg6 25. e5 Nf7 26. Nxb7 Nxe5 27. Nc5 Ng4 28.
Qh4 Bf7 29. f3 Qf6+ 0-1

[Event "Early-Titled-Tuesday-Blitz-June-18-2024"]
[Site "Chess.com"]
[Date "2024.06.18"]
[Round "4"]
[White "Mikhail_Bryakin"]
[Black "Murad_Ibrahimli"]
[Result "1-0"]
[WhiteElo "2767"]
[BlackElo "2921"]
[TimeControl "180+1"]
[EndTime "8:40:44 PDT"]
[Termination "Mikhail_Bryakin won by resignation"]

1. Nf3 d5 2. d4 Nf6 3. Bf4 c5 4.
e3 Nc6 5. c3 Qb6 6. Qc2 Bg4 7.
Nbd2 e6 8. Ne5 Nxe5 9. Bxe5 Bf5 10. Qa4+ Nd7 11. Bb5 Rd8 12. dxc5 Bxc5 13. Nb3 Bc2 14. O-O f6 15. Bd4 Bxd4 16. exd4 a6 17. Bxd7+ Rxd7 18. Rfe1 Bxb3 19. axb3 Ke7 20. Re3 Rd6 21. b4 Kf7 22. Rae1 Re8 23. f4 g6 24. Rh3 Rh8 25. Rhe3 Qc7 26. Qc2 Re8 27. h3 b6 28. Qf2 a5 29.
bxa5 bxa5 30. Qh4 Kg7 31. f5 Qf7 32. Qf4 Rb6 33. fxe6 Rbxe6 34. Rxe6 Rxe6 35. Rxe6 Qxe6 36. Qc7+ Kh6 37. Qxa5 Qe1+ 38. Kh2 Qe4 39. Qc7 g5 40. b4 Kg6 41. b5 h5 42. b6 f5 43. b7 1-0

[Event "Early-Titled-Tuesday-Blitz-June-18-2024"]
[Site "Chess.com"]
[Date "2024.06.18"]
[Round "4"]
[White "biostatistician"]
[Black "Sam_ChessMood"]
[Result "0-1"]
[WhiteElo "2621"]
[BlackElo "2948"]
[TimeControl "180+1"]
[EndTime "8:40:44 PDT"]
[Termination "Sam_ChessMood won by checkmate"]

1. d4 Nf6 2. Nf3 b6 3. c4 Bb7 4.
Nc3 d5 5. cxd5 Nxd5 6. Qc2 Nxc3 7.
bxc3 e6 8. e4 Be7 9. Bb5+ c6 10.
Bd3 O-O 11. O-O c5 12. Be3 cxd4 13. cxd4 Nc6 14. Qb2 Rc8 15. Rac1 Na5 16. Rxc8 Qxc8 17. Rc1 Qa8 18. Nd2 Rc8 19. f3 h6 20. Kf2 Qb8 21. g3 Rxc1 22. Qxc1 Qd8 23. Nb3 Nc6 24. Bb5 Nb4 25. a3 a6 26. Be2 Nc6 27. a4 Nb4 28. h4 a5 29. Bb5 Bc6 30. Qc4 Bxb5 31. Qxb5 Qc7 32. Nd2 Qc3 33. Qxb6 Nc2 34. Bf4 Bb4 35. Nf1 Qe1+ 36. Kg2 Qe2+ 37. Kg1 Ne1 38. Nh2 Qg2# 0-1

[Event "Early-Titled-Tuesday-Blitz-June-18-2024"]
[Site "Chess.com"]
[Date "2024.06.18"]
[Round "4"]
[White "KorolDimitriy75"]
[Black "NailBashirli"]
[Result "1-0"]
[WhiteElo "2533"]
[BlackElo "2737"]
[TimeControl "180+1"]
[EndTime "8:40:44 PDT"]
[Termination "KorolDimitriy75 won by checkmate"]

1. d4 Nf6 2. c4 e6 3. Nc3 Bb4 4. Qc2 O-O 5. e4 d6 6. e5 d5 7.
exf6 Qxf6 8. Nf3 c5 9. Bg5 Qg6 10. Qxg6 hxg6 11. cxd5 exd5 12. O-O-O Be6 13. Be7 Rc8 14.
Bxc5 Bxc5 15. dxc5 Rxc5 16. Nd4 Nc6 17. Nb3 Rxc3+ 18. bxc3 Ne5 19. Kb2 a5 20. a4 Ng4 21.
Rd2 Bd7 22. Nc5 Bc6 23. Bb5 Ne5 24. Re1 f6 25. f4 Nf7 26. Bxc6 bxc6 27. Re6 Rb8+ 28.
Kc2 Nd8 29. Re8+ Kf7 30. Rde2 g5 31. f5 Ne6 32. R2xe6 Rxe8 33. Rxe8 Kxe8 34. Nb7 g6 35. fxg6 f5 36. Nxa5 f4 37. Nxc6 g4 38. Kd2 Kf8 39. Nd4 Kg7 40. a5 Kf6 41. Ke2 g3 42. hxg3 f3+ 43.
Kxf3 Kg7 44. a6 Kh6 45. a7 Kg7 46. a8=Q Kxg6 47. Qxd5 Kh7 48. Qe4+ Kh6 49. Qf4+ Kh5 50. c4 Kg6 51. c5 Kh5 52. c6 Kg6 53. c7 Kg7 54. c8=Q Kg6 55. Qcg4+ Kh7 56. Qf7+ Kh6 57. Qfg6# 1-0

[Event "Early-Titled-Tuesday-Blitz-June-18-2024"]
[Site "Chess.com"]
[Date "2024.06.18"]
[Round "4"]
[White "hsd2016"]
[Black "edgarhay012"]
[Result "0-1"]
[WhiteElo "2429"]
[BlackElo "2679"]
[TimeControl "180+1"]
[EndTime "8:40:44 PDT"]
[Termination "edgarhay012 won by resignation"]

1. Nf3 g6 2. e4 Bg7 3. Bc4 d6 4. d4 e6 5. O-O Ne7 6. Bb3 O-O 7. Re1 d5 8. exd5 Nxd5 9. c4 Nf6 10. Nc3 c5 11. d5 exd5 12. cxd5 Bg4 13. h3 Bxf3 14.
Qxf3 Nbd7 15. Bg5 h6 16. Bf4 a6 17. d6 b5 18. Nd5 c4 19. Ne7+ Kh7 20. Bc2 Re8 21. Qg3 Nf8 22. Qh4 Ng8 23. Rad1 Bf6 24. Qg4 Qd7 25. Bf5 Qa7 26. Nxg8 Rxe1+ 27. Rxe1 Kxg8 28.
Bxh6 Qc5 29. Bxf8 Rxf8 30. Bxg6 fxg6 31. Qxg6+ Bg7 32. d7 Qxf2+ 33. Kh2 Qxe1 0-1

[Event "Early-Titled-Tuesday-Blitz-June-18-2024"]
[Site "Chess.com"]
[Date "2024.06.18"]
[Round "4"]
[White "karinachess1"]
[Black "Mysterio47"]
[Result "0-1"]
[WhiteElo "2661"]
[BlackElo "2836"]
[TimeControl "180+1"]
[EndTime "8:40:45 PDT"]
[Termination "Mysterio47 won on time"]

1. d4 d6 2. Nf3 Nf6 3. g3 g6 4.
Bg2 Bg7 5. O-O O-O 6. b3 a5 7. a4 c6 8. Bb2 Bf5 9. Nbd2 Ne4 10. Nh4 Nxd2 11. Qxd2 Bd7 12. c4 Na6 13. d5 Nc5 14. Bxg7 Kxg7 15. f4 Qb6 16. Qd4+ Kg8 17. e3 cxd5 18.
cxd5 Qb4 19. Qxb4 axb4 20. Rfb1 Ra5 21. Nf3 Bf5 22. Rb2 b5 23. Nd4 Bd7 24. Bf1 Rfa8 25.
Rab1 bxa4 26. bxa4 Rxa4 27. Rxb4 Rxb4 28. Rxb4 Ra3 29.
Nc6 Rxe3 30. Kf2 Re4 31. Rxe4 Nxe4+ 32. Ke3 Nf6 33. Kd4 Kf8 34. Bg2 Ng4 35. h3 Nf6 36. Nb4 Nh5 37. g4 Nxf4 38. Bf1 g5 39. Nc2 h5 40. Ne3 hxg4 41. hxg4 Kg7 42. Ke4 Kf6 43. Bc4 Ng6 44. Be2 Ne5 45. Kd4 Ba4 46. Ke4 Nd7 47.
Kd4 Nc5 48. Bf3 Bd7 49. Be2 Kg6 50. Bf3 f5 51. gxf5+ Bxf5 52. Ng4 Bxg4 53. Bxg4 Kf6 54. Be2 Kf5 0-1

[Event "Early-Titled-Tuesday-Blitz-June-18-2024"]
[Site "Chess.com"]
[Date "2024.06.18"]
[Round "4"]
[White "gafkens"]
[Black "SharathRk6"]
[Result "1-0"]
[WhiteElo "2622"]
[BlackElo "2446"]
[TimeControl "180+1"]
[EndTime "8:40:45 PDT"]
[Termination "gafkens won by resignation"]

1. e4 e5 2. Nf3 Nc6 3. d4 exd4 4. Nxd4 Nf6 5. Nxc6 bxc6 6. Bd3 d5 7. exd5 cxd5 8. O-O Be7 9. Nd2 O-O 10. h3 h6 11.
b3 Bb7 12. Re1 c5 13. c4 d4 14. Ne4 Nxe4 15. Bxe4 Bxe4 16. Rxe4 Bf6 17. Qd3 Qd7 18.
Bd2 Rfe8 19. Rae1 Rxe4 20. Qxe4 Rd8 21. Ba5 Rc8 22. g4 Qc6 23. Qxc6 Rxc6 24. a3 Re6 25.
Kf1 Kf8 26. Rxe6 fxe6 27. Ke2 Ke7 28. Kd3 Kd6 29. Ke4 Bh4 30. f4 Bg3 31. b4 Bf2 32. Bd8 g6 33. b5 h5 34. a4 Kd7 35. Ba5 Kd6 36. Bd2 hxg4 37. hxg4 Bh4 38. a5 Bd8 39.
Be1 Bc7 40. Kf3 Bd8 41. Ke4 Bc7 42. a6 Ke7 43. Bh4+ Kd7 44. Bf6 Bd6 45. b6 Bb8 46. Be5 Kc8 47. b7+ Kd7 48. Bxb8 1-0

[Event "Early-Titled-Tuesday-Blitz-June-18-2024"]
[Site "Chess.com"]
[Date "2024.06.18"]
[Round "4"]
[White "Harry_Rakkel"]
[Black "StoreySniper"]
[Result "1-0"]
[WhiteElo "2660"]
[BlackElo "2425"]
[TimeControl "180+1"]
[EndTime "8:40:45 PDT"]
[Termination "Harry_Rakkel won on time"]

1. e4 g6 2. d4 Bg7 3. Nc3 c5 4. d5 d6 5. Bb5+ Bd7 6. a4 Nf6 7. Nf3 O-O 8. O-O Bxb5 9. axb5 Nbd7 10. Re1 Ne8 11. Bg5 Nc7 12. Qc1 f6 13. Be3 a6 14. bxa6 Nxa6 15. Qd2 Qb6 16. Na4 Qb4 17. c3 Qxe4 18. Bf4 Qf5 19. Rxe7 Nab8 20. h3 g5 21. Bxd6 b5 22. Ree1 bxa4 23. Bxf8 Bxf8 24. Re8 Ra6 25. Qe2 Qxd5 26. Rd1 Qf7 27. Rd8 Re6 28. Qb5 Re7 29. Qxa4 Kg7 30. Qa8 Qb3 31. Qd5 Qxd5 32. Rxd5 1-0

[Event "Early-Titled-Tuesday-Blitz-June-18-2024"]
[Site "Chess.com"]
[Date "2024.06.18"]
[Round "4"]
[White "atbenina64"]
[Black "jcibarra"]
[Result "0-1"]
[WhiteElo "2830"]
[BlackElo "3011"]
[TimeControl "180+1"]
[EndTime "8:40:46 PDT"]
[Termination "jcibarra won by resignation"]

1. c4 e5 2. Nc3 Nf6 3. Nf3 d6 4.
d4 e4 5. Ng5 Qe7 6. Qc2 Bf5 7.
f3 Nc6 8. e3 Nxd4 9. Qa4+ Nc6 10.
Nd5 Nxd5 11. cxd5 Qxg5 12. dxc6 b6 13. g4 Qh4+ 14. Kd1 exf3 15. h3 Be7 16. Qf4 Be6 17.
Qxf3 h5 18. Rg1 hxg4 19. hxg4 Qh2 20. Rg2 Qe5 21. e4 d5 22. Bf4 dxe4 23. Bxe5 exf3 24. Rg3 O-O-O+ 25. Kc2 Rh2+ 26. Kc3 f6 27. Bd4 Bb4+ 28. Kxb4 Rxd4+ 29. Kc3 Rd6 30. Bb5 f2 31. Re3 Kd8 32. Rf1 a6 33. Bxa6 Rxc6+ 34. Kd2 Rd6+ 35. Kc3 Bxg4 36.
Bb5 c6 37. Bd3 Bh3 38. Rxf2 Rxf2 39. Rxh3 Rd7 0-1

[Event "Early-Titled-Tuesday-Blitz-June-18-2024"]
[Site "Chess.com"]
[Date "2024.06.18"]
[Round "4"]
[White "Qvalda"]
[Black "ellatambien"]
[Result "0-1"]
[WhiteElo "2461"]
[BlackElo "2687"]
[TimeControl "180+1"]
[EndTime "8:40:47 PDT"]
[Termination "ellatambien won on time"]

1. d4 d5 2. c4 e6 3. cxd5 exd5 4. Nc3 c5 5. Nf3 Nc6 6. Bf4 Nf6 7. e3 c4 8. Be2 Bb4 9. O-O O-O 10. Ne5 Bf5 11.
Rc1 Rc8 12. b3 Bxc3 13. Rxc3 b5 14. bxc4 bxc4 15. Ra3 Qb6 16. Qa4 Ne4 17. Nxc6 Rxc6 18. Qxa7 Qb2 19. Bf3 c3 20. Bxe4 Bxe4 21. Rb3 Qe2 22.
Qd7 Bd3 23. Ra1 c2 24. h4 c1=Q+ 25. Rxc1 Rxc1+ 26. Kh2 Be4 27. Qe7 Qxf2 28. Qg5 Rg1 0-1

[Event "Early-Titled-Tuesday-Blitz-June-18-2024"]
[Site "Chess.com"]
[Date "2024.06.18"]
[Round "4"]
[White "romulocardoso"]
[Black "DvaHrasta"]
[Result "1/2-1/2"]
[WhiteElo "2332"]
[BlackElo "2512"]
[TimeControl "180+1"]
[EndTime "8:40:47 PDT"]
[Termination "Game drawn by repetition"]

1. e4 c6 2. d4 d5 3. Nc3 dxe4 4. Nxe4 Nf6 5. Nxf6+ exf6 6. Nf3 Bd6 7. Bd3 O-O 8. O-O Bg4 9. h3 Bh5 10. Be3 Re8 11.
Re1 Nd7 12. c4 c5 13. Be2 Qc7 14. a3 a5 15. Rc1 g5 16. Qd2 h6 17. dxc5 Nxc5 18. Nd4 Bxe2 19. Nb5 Bh2+ 20. Kh1 Qe5 21. Qxe2 Bf4 22. Rc2 a4 23. Bxf4 Qxf4 24. Qxe8+ Rxe8 25. Rxe8+ Kg7 26. Re7 b6 27. Nc7 h5 28. Nd5 Qf5 29. Rce2 Nd3 30. Kg1 Nf4 31. Nxf4 Qxf4 32. Rb7 Qxc4 33. Ree7 Qc1+ 34. Kh2 Qf4+ 35. Kg1 Qc1+ 36.
Kh2 Qf4+ 37. Kg1 Qc1+ 1/2-1/2

[Event "Early-Titled-Tuesday-Blitz-June-18-2024"]
[Site "Chess.com"]
[Date "2024.06.18"]
[Round "4"]
[White "pinelone"]
[Black "Gumugama"]
[Result "0-1"]
[WhiteElo "2468"]
[BlackElo "2277"]
[TimeControl "180+1"]
[EndTime "8:40:47 PDT"]
[Termination "Gumugama won by resignation"]

1. Nf3 Nf6 2. c4 g6 3. b3 Bg7 4. Bb2 O-O 5. g3 d6 6. Bg2 Nc6 7. O-O a6 8. Nc3 Rb8 9. Rc1 Bd7 10. d4 b5 11. d5 Na5 12. cxb5 axb5 13. Nd4 b4 14. Nb1 e5 15. dxe6 fxe6 16. Nc6 Nxc6 17.
Bxc6 Rb6 18. Bxd7 Qxd7 19. Nd2 c5 20. Nc4 Ra6 21. a4 bxa3 22. Nxa3 Qb7 23. Nc4 d5 24.
Ne5 Rc8 25. Ra1 Rb6 26. Ra3 c4 27. Bd4 Rxb3 28. Ra7 Qb4 29. Rxg7+ Kxg7 30. Ng4 Rf8 31. Qa1 c3 32. Rc1 Qxd4 33. Qa7+ Qxa7 34. Rd1 d4 0-1

[Event "Early-Titled-Tuesday-Blitz-June-18-2024"]
[Site "Chess.com"]
[Date "2024.06.18"]
[Round "4"]
[White "Zampronha1971"]
[Black "Longstom"]
[Result "0-1"]
[WhiteElo "2391"]
[BlackElo "2236"]
[TimeControl "180+1"]
[EndTime "8:40:47 PDT"]
[Termination "Longstom won on time"]

1. e4 e5 2. Nf3 Nc6 3. d4 exd4 4. Nxd4 Qf6 5. Be3 Bc5 6. c3 d6 7. Be2 Qe7 8. O-O Bb6 9. Nxc6 bxc6 10. Bxb6 axb6 11.
e5 Qxe5 12. Bf3 Qc5 13. Re1+ Be6 14. Nd2 Ne7 15. Ne4 Qb5 16. a4 Qxb2 17. Nxd6+ cxd6 18. Qxd6 Rd8 19. Bxc6+ Nxc6 20. Qxc6+ Ke7 21. f4 Rd6 22.
Qc7+ Rd7 23. Qe5 Rd2 24. Qg5+ Kd7 25. Qxg7 Re8 26. Rad1 Qc2 27. Rxd2+ Qxd2 28. Qe5 Qd6 29. Qb5+ Qc6 30. Rd1+ Kc7 31. Qe5+ Kb7 32. Kh1 Bb3 0-1

[Event "Early-Titled-Tuesday-Blitz-June-18-2024"]
[Site "Chess.com"]
[Date "2024.06.18"]
[Round "4"]
[White "LLariMarc"]
[Black "gpsji27"]
[Result "0-1"]
[WhiteElo "2494"]
[BlackElo "2332"]
[TimeControl "180+1"]
[EndTime "8:40:48 PDT"]
[Termination "gpsji27 won by checkmate"]

1. d4 d5 2. Bf4 c5 3. c3 Nc6 4.
e3 Nf6 5. Nd2 Bf5 6. Ngf3 e6 7. Be2 Bd6 8. Bxd6 Qxd6 9. O-O O-O 10. a3 Rfc8 11. Rc1 h6 12. Re1 a6 13. Nf1 Ne4 14. Ng3 Bg6 15. Nxe4 Bxe4 16. Bd3 Bxd3 17. Qxd3 c4 18. Qe2 Na5 19. e4 Nb3 20. Rcd1 b5 21. e5 Qe7 22. h4 a5 23. g3 b4 24. axb4 axb4 25. Nd2 Ra2 26. Nxb3 cxb3 27. cxb4 Rc2 28.
Qd3 Raxb2 29. Ra1 g6 30. Reb1 Qxb4 31. Rxb2 Rxb2 32. h5 Rd2 33. Qf3 Ra2 34. Rc1 b2 35. Rc8+ Qf8 36. Rxf8+ Kxf8 37. hxg6 b1=Q+ 38. Kg2 Qxg6 39. Qb3 Qe4+ 40. Kh3 Rxf2 41. Qb8+ Kg7 42. Qf8+ Kxf8 43. g4 Qh1+ 44. Kg3 Qh2# 0-1

[Event "Early-Titled-Tuesday-Blitz-June-18-2024"]
[Site "Chess.com"]
[Date "2024.06.18"]
[Round "4"]
[White "ALRS-SPS"]
[Black "Seppppppy"]
[Result "1-0"]
[WhiteElo "2370"]
[BlackElo "2185"]
[TimeControl "180+1"]
[EndTime "8:40:48 PDT"]
[Termination "ALRS-SPS won on time"]

1. e4 e5 2. Nf3 Nc6 3. Bb5 a6 4.
Ba4 Bc5 5. O-O Nge7 6. c3 Ng6 7. d4 Ba7 8. Re1 O-O 9. Bc2 d6 10. h3 b5 11. a4 b4 12. d5 Nce7 13. cxb4 f5 14.
Nc3 f4 15. b5 Bd7 16. Qe2 Qc8 17. Kh2 axb5 18. Nxb5 Bxb5 19. axb5 Bxf2 20. Rxa8 Bg3+ 21.
Kh1 Qxa8 22. Rf1 Qb7 23. Bd2 Rb8 24. Bd3 Kh8 25. Rc1 h6 26. Ba5 Rc8 27. b4 Nf8 28. Rc3 g5 29. Qc2 g4 30. hxg4 Re8 31. Rxc7 Qb8 32.
b6 h5 33. gxh5 Qd8 34. Kg1 Nh7 35. b7 Nf6 36. Rc8 1-0

[Event "Early-Titled-Tuesday-Blitz-June-18-2024"]
[Site "Chess.com"]
[Date "2024.06.18"]
[Round "4"]
[White "kingnb"]
[Black "Naruto75_3"]
[Result "1-0"]
[WhiteElo "2692"]
[BlackElo "2488"]
[TimeControl "180+1"]
[EndTime "8:40:51 PDT"]
[Termination "kingnb won by resignation"]

1. d4 d5 2. Nf3 Nf6 3. e3 e6 4.
Bd3 c5 5. c3 Nc6 6. Nbd2 Bd6 7.
O-O O-O 8. Qe2 e5 9. dxc5 Bxc5 10. e4 Bg4 11. exd5 Qxd5 12. Ne4 Be7 13. h3 Bh5 14.
Nxf6+ Bxf6 15. Rd1 Qe6 16. Be4 Rad8 17. Be3 Be7 18. Qb5 f5 19. Bd5 Rxd5 20. Qxd5 Qxd5 21. Rxd5 f4 22. Bc5 Bxc5 23. Rxc5 Re8 24. Ng5 Bg6 25. Re1 e4 26. h4 Ne5 27. Rd5 Nd3 28. Rxd3 exd3 29. Rxe8+ Bxe8 30. Kf1 Bc6 31. f3 Bd5 32. b3 h6 33. Nh3 d2 34. Ke2 Be6 35. Nxf4 Bf5 36. Kxd2 Kf7 37. a4 Ke7 38. a5 Kd6 39. Ne2 Kc5 40. Nd4 Bd7 41. Ke3 Kd5 42.
Kd3 Ke5 43. g3 Be8 44. c4 Bd7 45. f4+ Kd6 46. b4 b6 47. axb6 axb6 48. Ke4 g6 49.
f5 g5 50. hxg5 hxg5 51. g4 Bc8 52. Nf3 Bb7+ 53. Ke3 Ba6 54. b5 Bc8 55. Nxg5 Kc5 56. Kd3 Bd7 57. Ne4+ Kb4 58. Kd4 1-0

[Event "Early-Titled-Tuesday-Blitz-June-18-2024"]
[Site "Chess.com"]
[Date "2024.06.18"]
[Round "4"]
[White "stasOR4ik"]
[Black "Ranindu2003"]
[Result "1-0"]
[WhiteElo "2452"]
[BlackElo "2687"]
[TimeControl "180+1"]
[EndTime "8:40:51 PDT"]
[Termination "stasOR4ik won by resignation"]

1. e4 e5 2. Nf3 Nc6 3. Bb5 a6 4. Ba4 Nf6 5. Nc3 d6 6. Bxc6+ bxc6 7.
d4 exd4 8. Nxd4 c5 9. Nc6 Qd7 10. Na5 Be7 11. O-O O-O 12. Bf4 Qe6 13. Re1 Rd8 14. Qf3 Ng4 15. Nc6 Re8 16. Nxe7+ Qxe7 17. e5 Be6 18. exd6 cxd6 19. h3 Nf6 20. Bg5 h6 21.
Bxf6 Qxf6 22. Qxf6 gxf6 23. Ne4 Kg7 24. Nxd6 Red8 25. Ne4 c4 26. Rad1 Bf5 27. f3 Rab8 28. b3 Rbc8 29. bxc4 Rxd1 30. Rxd1 Bxe4 31. fxe4 Rxc4 32.
Rd6 a5 33. Rd5 a4 34. Ra5 Rxe4 35. Kf2 Kg6 36. c3 f5 37. Kf3 Rc4 38. Ke2 f6 39. Kd3 Rf4 40. c4 Rf2 41. Rxa4 Rxg2 42. c5 Rg3+ 43. Kd2 Rxh3 44. c6 Kf7 45. c7 Rh2+ 46. Kd3 Rh4 47. Rxh4 1-0

[Event "Early-Titled-Tuesday-Blitz-June-18-2024"]
[Site "Chess.com"]
[Date "2024.06.18"]
[Round "4"]
[White "Grebnev_A"]
[Black "Xavier_mompel"]
[Result "1/2-1/2"]
[WhiteElo "2690"]
[BlackElo "2440"]
[TimeControl "180+1"]
[EndTime "8:40:51 PDT"]
[Termination "Game drawn by repetition"]

1. Nf3 d5 2. e3 Nf6 3. c4 e6 4.
Nc3 c6 5. b3 Nbd7 6. Bb2 Be7 7.
d4 O-O 8. Bd3 b6 9. O-O Bb7 10.
Qe2 dxc4 11. bxc4 c5 12. Rad1 Rc8 13. d5 exd5 14. cxd5 Bd6 15. e4 Re8 16. Bc4 Ne5 17. Nxe5 Bxe5 18. Qd3 Bxc3 19. Qxc3 Rxe4 20. Rfe1 Rxe1+ 21.
Rxe1 Qd6 22. h3 a6 23. a4 b5 24. axb5 axb5 25. Bxb5 Qxd5 26. Bf1 Re8 27. Rxe8+ Nxe8 28. Qg3 f6 29. Qb8 Kf7 30. f3 Nd6 31. Qc7+ Kg6 32.
Qa5 Nc4 33. Bxc4 Qxc4 34. Qd2 Bd5 35. Kh2 Kf7 36. Qe3 Qb3 37. Bc3 Qc4 38. Bb2 Qb3 39.
Qxc5 Qxb2 40. Qxd5+ Kf8 41. h4 Qb8+ 42. Kh3 Qc8+ 43. g4 Qc3 44. Qe4 Kf7 45. h5 h6 46.
Kg3 Qe5+ 47. Qxe5 fxe5 48. Kf2 g6 49. hxg6+ Kxg6 50. Ke3 Kf6 51. Kd3 Kf7 52. Kc3 Ke6 53.
Kc4 Kd6 54. Kd3 Kd5 55. Ke3 Kd6 56. Kf2 Kd5 57. Ke3 Kd6 58. Kd2 Kd5 59. Kd3 Kd6 60.
Kc4 Kc6 61. Kc3 Kc5 62. Kd3 Kd5 63. Ke3 1/2-1/2

[Event "Early-Titled-Tuesday-Blitz-June-18-2024"]
[Site "Chess.com"]
[Date "2024.06.18"]
[Round "4"]
[White "K_A_S_T_O_R"]
[Black "GMBenjaminBok"]
[Result "1-0"]
[WhiteElo "2842"]
[BlackElo "2994"]
[TimeControl "180+1"]
[EndTime "8:40:53 PDT"]
[Termination "K_A_S_T_O_R won on time"]

1. e4 c5 2. Nf3 d6 3. d4 cxd4 4. Nxd4 Nf6 5. Nc3 a6 6. Bg5 Nbd7 7. Bc4 Qb6 8. Bb3 e6 9. Bxf6 Nxf6 10. Qd2 Nd7 11.
O-O-O Nc5 12. f4 Bd7 13. g4 O-O-O 14. g5 Kb8 15. h4 Rc8 16. Kb1 h6 17. f5 hxg5 18.
hxg5 Be7 19. g6 Nxb3 20. axb3 Rxh1 21. Rxh1 Bf6 22. Nce2 exf5 23. Nxf5 fxg6 24. Nxd6 Rf8 25. Rf1 Bc6 26. e5 Be7 27. Rxf8+ Bxf8 28. Qf4 Be7 29. Qf7 Bxd6 30. exd6 Qe3 31. Nc3 Qd4 32. Qxg6 Ka7 33.
Qe6 g5 34. Ne2 Qd1+ 35. Ka2 Qd2 36. Qe5 g4 37. Nd4 Bd7 38. c3 Qh6 39. Qc5+ Ka8 40.
Qc7 Qh7 41. Ne6 g3 42. Nc5 Qh1 43. Qxd7 1-0

[Event "Early-Titled-Tuesday-Blitz-June-18-2024"]
[Site "Chess.com"]
[Date "2024.06.18"]
[Round "4"]
[White "Crazy_girl99"]
[Black "blitzking1729"]
[Result "0-1"]
[WhiteElo "2614"]
[BlackElo "2828"]
[TimeControl "180+1"]
[EndTime "8:40:53 PDT"]
[Termination "blitzking1729 won by checkmate"]

1. Nf3 g6 2. e4 c5 3. d4 cxd4 4.
Nxd4 Nc6 5. c4 Bg7 6. Nc2 Nf6 7.
Nc3 O-O 8. Be2 d6 9. O-O Be6 10. Be3 Qa5 11. a3 Rfc8 12. Rc1 Ne5 13. b4 Qd8 14. f4 Nxc4 15. Bd4 Bd7 16. e5 Ne8 17. Bf3 Bc6 18. Bxc6 Rxc6 19. b5 Rcc8 20. Re1 dxe5 21. fxe5 Nc7 22. Nb4 Ne6 23. Ncd5 Nxa3 24. Rxc8 Rxc8 25.
Bxa7 Nxb5 26. Bb6 Qe8 27. Qa4 Nbd4 28. Qxe8+ Rxe8 29. Kf2 Nc6 30. Nd3 Kf8 31. Nc5 Nxc5 32. Bxc5 Bxe5 33. Nxe7 Rxe7 34. Bxe7+ Kxe7 35. g3 Kf6 36. Rb1 b6 37. Kf3 Bd4 38. Ke4 Bc5 39. Kd5 Ne7+ 40.
Ke4 h5 41. h3 Kg5 42. Rf1 Nf5 43. Kf3 h4 44. g4 Ng3 45. Kg2 Nxf1 46. Kxf1 f5 47.
Kg2 fxg4 48. hxg4 Kxg4 49. Kh1 b5 50. Kh2 b4 51. Kg2 b3 52. Kh2 b2 53. Kg2 b1=Q 54.
Kh2 Qg1# 0-1

[Event "Early-Titled-Tuesday-Blitz-June-18-2024"]
[Site "Chess.com"]
[Date "2024.06.18"]
[Round "4"]
[White "GM-2024-GM"]
[Black "Bilan_Danila"]
[Result "0-1"]
[WhiteElo "2301"]
[BlackElo "2570"]
[TimeControl "180+1"]
[EndTime "8:40:54 PDT"]
[Termination "Bilan_Danila won on time"]

1. e4 c6 2. d4 d5 3. exd5 cxd5 4. Nf3 Nc6 5. Ne5 Nf6 6. Bb5 Bd7 7. Nxd7 Qxd7 8. c3 e6 9. O-O Bd6 10. Nd2 O-O 11. Nf3 Ne4 12. Ne5 Bxe5 13. dxe5 Qc7 14.
Bxc6 bxc6 15. f3 Nc5 16. Qe2 Nd7 17. Re1 Rab8 18. b3 a5 19. Kh1 a4 20. Ba3 c5 21.
b4 Rfc8 22. f4 cxb4 23. Bxb4 Nc5 24. f5 Ne4 25. f6 Qxe5 26. fxg7 Qxg7 27. Rf1 Kh8 28.
Rf3 Rxb4 29. Raf1 Rxc3 0-1

[Event "Early-Titled-Tuesday-Blitz-June-18-2024"]
[Site "Chess.com"]
[Date "2024.06.18"]
[Round "4"]
[White "CristianS27"]
[Black "FredddieCroderg"]
[Result "0-1"]
[WhiteElo "2483"]
[BlackElo "2316"]
[TimeControl "180+1"]
[EndTime "8:40:54 PDT"]
[Termination "FredddieCroderg won on time"]

1. e4 c6 2. d4 d5 3. exd5 cxd5 4. c4 Nf6 5. Nc3 e6 6. c5 Be7 7. Nf3 O-O 8. Bd3 b6 9. b4 a5 10. Na4 Nbd7 11. Bf4 axb4 12. c6 Nh5 13. Bg3 Ndf6 14. c7 Qe8 15. Nxb6 Ra3 16. Ne5 b3 17. axb3 Bb4+ 18.
Kf1 Rxa1 19. Qxa1 Ne4 20. Qa4 Qe7 21. Nxc8 Rxc8 22. Nc6 Nhxg3+ 23. hxg3 Qxc7 24. Qxb4 Qxc6 25. Kg1 Qc1+ 26. Bf1 Nd2 27. Kh2 Nxf1+ 0-1

[Event "Early-Titled-Tuesday-Blitz-June-18-2024"]
[Site "Chess.com"]
[Date "2024.06.18"]
[Round "4"]
[White "whiteglovethief"]
[Black "DmitriiZakurdaev"]
[Result "1-0"]
[WhiteElo "2543"]
[BlackElo "2357"]
[TimeControl "180+1"]
[EndTime "8:40:55 PDT"]
[Termination "whiteglovethief won by resignation"]

1. d4 d5 2. c4 e6 3. Nf3 Nf6 4. g3 Be7 5. Bg2 O-O 6. O-O dxc4 7. Qc2 a6 8. a4 Bd7 9. Qxc4 Bc6 10. Bg5 Bd5 11.
Qc2 Be4 12. Qd2 a5 13. Nc3 Bxf3 14. Bxf3 c6 15. e3 Na6 16. Rfd1 Nb4 17. Bxf6 Bxf6 18.
Ne4 Qe7 19. Rac1 Rfd8 20. b3 g6 21. Qb2 Bg7 22. Rc5 Rd5 23. Rxd5 exd5 24. Nc3 h5 25. Na2 Ra6 26. Nxb4 Qxb4 27. Rd3 Rb6 28. Qc2 h4 29. Kg2 Qe7 30. Rc3 Qf6 31. h3 hxg3 32. fxg3 Bf8 33.
Qf2 Bb4 34. Rd3 Bd6 35. Be2 Qg5 36. Rc3 Kg7 37. h4 Qe7 38. Qf3 Bb4 39. Rd3 Bd6 40.
Rc3 Rb4 41. h5 Qf6 42. h6+ 1-0